Construct Section Command Post
Selects Heavy Armor Battlegroup
Selects Heavy Armor Battlegroup
Construct Platoon Command Post
Construct Field Infirmary
Unlock M3 Stuart Light Tanks
Selects Rigorous Vehicle Training
Selects Crusader AA Medium Tank
Selects Light Vehicle Withdraw and Refit
Light Vehicle Withdraw and Refit
Construct Company Command Post
Light Vehicle Withdraw and Refit
Selects Churchill IV Heavy Tank
Unlock Towed 17-pounder Anti-tank Guns
Selects Designate Targets
17-pounder Anti-tank Gun Team
17-pounder Anti-tank Gun Team